 Dungeon Crawl Stone Soup version 0.25.0-10-g039870ee82 (console) character file.

Game seed: 2197451926866324172

331 bli the Insei (level 6, -15/39 HPs)
             Began as an Octopode Transmuter on June 23, 2020.
             Demolished by Menkaure (24 damage)
             ... on level 4 of the Dungeon.
             The game lasted 00:08:29 (3758 turns).

bli the Insei (Octopode Transmuter)                 Turns: 3758, Time: 00:08:30

Health: -15/39     AC:  1    Str: 11    XL:     6   Next: 51%
Magic:  6/9        EV: 13    Int: 15    God:
Gold:   146        SH:  0    Dex: 13    Spells: 6/9 levels left

rFire    . . .     SeeInvis +     - Unarmed
rCold    . . .     Gourm    .   (no shield)
rNeg     . . .     Faith    .   (helmet restricted)
rPois    .         Spirit   .   (no amulet)
rElec    .         Reflect  .   w - ring of see invisible
rCorr    +         Harm     .   B - ring of resist corrosion
MR       .....                  (no ring)
Stlth    +++.......             (no ring)
HPRegen  0.13/turn              (no ring)
MPRegen  0.11/turn              (no ring)
                                (no ring)
                                (no ring)

@: very slightly contaminated
A: almost no armour, stealthy swim, amphibious, 8 rings, constrict 8, camouflage
1, gelatinous body 1
a: no special abilities


You were on level 4 of the Dungeon.
You were not hungry.

You visited 1 branch of the dungeon, and saw 4 of its levels.

You collected 146 gold pieces.

Inventory:

Hand Weapons
 n - a +0 long sword
 q - a +2 quarterstaff of chaos
 r - a +2 antimagic trident
Missiles
 a - 27 arrows
 t - 11 poisoned darts (quivered)
Jewellery
 w - a ring of see invisible (left tentacle)
 B - a ring of resist corrosion (right tentacle)
Wands
 u - a wand of iceblast (12)
Scrolls
 e - 2 scrolls of remove curse {unknown}
 j - a scroll of magic mapping {unknown}
 k - 2 scrolls of immolation {unknown}
 l - a scroll of amnesia {unknown}
 m - 3 scrolls of identify {unknown}
 s - a scroll of fog {unknown}
 v - a scroll of teleportation {unknown}
 y - a scroll of blinking {unknown}
Potions
 b - 2 potions of heal wounds {unknown}
 d - 2 potions of degeneration {unknown}
 f - a potion of stabbing {unknown}
 g - 2 potions of lignification {unknown}
 h - 2 potions of might {unknown}
 i - a potion of curing {unknown}
 o - 2 potions of berserk rage {unknown}
 p - a potion of flight {unknown}
 x - a potion of magic {unknown}
 A - a potion of resistance {unknown}
Comestibles
 c - 5 rations
 z - 7 chunks of flesh


   Skills:
 * Level 1.9 Fighting
 + Level 2.3 Dodging
 + Level 2.0 Stealth
 + Level 6.5 Unarmed Combat
 - Level 2.0 Spellcasting
 - Level 2.0 Transmutations


You had 6 spell levels left.
You knew the following spells:

 Your Spells              Type           Power        Failure   Level  Hunger
a - Beastly Appendage     Tmut           #.....       10%         1    #......
b - Sticks to Snakes      Tmut           #.......     14%         2    ###....

Your spell library contained the following spells:

 Spells                   Type           Power        Failure   Level  Hunger
 Spider Form              Tmut/Pois      #.........   41%         3    ###....
 Ice Form                 Ice/Tmut       #.......     82%         4    #####..
 Blade Hands              Tmut           #.........   95%         5    ######.


Dungeon Overview and Level Annotations

Branches:
Dungeon (4/15)
 Temple: D:4-7

Altars:
Ashenzari
Ru
Xom

Annotations:
D:4 Menkaure


Innate Abilities, Weirdness & Mutations

You cannot wear most types of armour.
You are very stealthy in the water. (Stealth+)
You are amphibious.
You can wear up to eight rings at the same time.
You can use your tentacles to constrict eight enemies at once.
Your skin changes colour to match your surroundings (Stealth+).
Your rubbery body absorbs attacks. (AC +1, EV +1)


Message History

You don't know that spell.
Sorry, you're not good enough to have a special ability.
You barely miss Menkaure. You grab Menkaure.
You constrict Menkaure, but do no damage.
Menkaure hits you!
You completely miss Menkaure.
You constrict Menkaure, but do no damage.
Menkaure calls on the powers of darkness!
Your adder convulses!
Your body is wracked with pain!
* * * LOW HITPOINT WARNING * * *
You barely miss Menkaure. You constrict Menkaure.
Your adder bites Menkaure.
You tentacle-slap Menkaure but do no damage.
Menkaure is moderately damaged.
You constrict Menkaure. Menkaure misses you.
Your adder bites Menkaure.
You tentacle-slap Menkaure.
Menkaure is heavily damaged.
You constrict Menkaure.
Your adder bites Menkaure.
Menkaure hits you!!
Ouch! That really hurt!
You die...

#####.... # #.......#
#####. #.......#
..#.. # #.......#
...# .# #.......#####
#..###..#
#...........#
#..##..##
#.......###.#
##[.....#
......S@.##.#
#..##.#..#
######M#.##.#
#.###.##..
#.#....###.##..###.
##.###...#..#.......
#.............#..<..
#............##.#...
#...............#...
................##...
...####.#.#.###.....#
... #.....###.....#
#.######...##...###.#


You could see Menkaure and a friendly adder.

Vanquished Creatures
  A crocodile (D:2)
  A hound (D:4)
  Crazy Yiuf (D:3)
  An orc wizard (D:3)
  An iguana (D:3)
  Terence (D:3)
  4 adders
  4 dart slugs
  3 leopard geckos
  5 orcs (D:3)
  5 giant cockroaches
  2 goblins (D:3)
  10 hobgoblins
  2 quokkas (D:4)
  11 bats
  3 frilled lizards
  4 kobolds
  6 rats
65 creatures vanquished.

Notes
Turn   | Place    | Note
-------+----------+-------------------------------------------
     0 | D:1      | bli the Octopode Transmuter began the quest for the Orb.
     0 | D:1      | Reached XP level 1. HP: 13/13 MP: 3/3
   186 | D:1      | You fall into a shaft and drop 1 floor!
   193 | D:2      | Reached XP level 2. HP: 11/18 MP: 5/5
   249 | D:2      | Noticed a crocodile
   488 | D:2      | Reached skill level 4 in Unarmed Combat
   505 | D:2      | Learned a level 2 spell: Sticks to Snakes
   740 | D:1      | Reached XP level 3. HP: 23/23 MP: 6/6
   872 | D:1      | Reached skill level 1 in Stealth
  1246 | D:2      | Found a sacrificial altar of Ru.
  1449 | D:2      | You fall into a shaft and drop 1 floor!
  1477 | D:3      | Found a shattered altar of Ashenzari.
  1483 | D:3      | Reached XP level 4. HP: 22/28 MP: 7/7
  1489 | D:3      | Reached skill level 5 in Unarmed Combat
  1669 | D:3      | Found a runed translucent door.
  1670 | D:3      | Noticed Crazy Yiuf
  1679 | D:3      | Killed Crazy Yiuf
  1679 | D:3      | Reached XP level 5. HP: 22/33 MP: 8/8
  2293 | D:3      | Noticed Terence
  2303 | D:3      | Killed Terence
  2303 | D:3      | Reached skill level 6 in Unarmed Combat
  2481 | D:3      | Found a shimmering altar of Xom.
  2995 | D:2      | Killed a crocodile
  2995 | D:2      | Reached XP level 6. HP: 5/39 MP: 4/9
  3751 | D:4      | Noticed Menkaure
  3758 | D:4      | Demolished by Menkaure

Illustrated notes

Levels and vault maps discovered:
D:1:      lightli_arrival_chessboard, layout_rooms
D:2:      layout_rooms, hangedman_ru_absence, first_ration
D:3:      layout_basic, lemuel_crystal_altar, xom_teletrap_fun, uniq_terence,
          uniq_crazy_yiuf_cottage
D:4:      layout_rooms, vehumet_altar_wand_db, uniq_menkaure

Skill      XL: |  1  2  3  4  5  6 |
---------------+-------------------+-----
Unarmed Combat | 4 5 6 |  6.5
Stealth        | 1 2 |  2.0
Fighting       | |  1.9
Dodging        | |  2.3
Spellcasting   | |  2.0
Transmutations | |  2.0

Action                   |  1- 3 |  4- 6 || total
-------------------------+-------+-------++-------
Melee: Unarmed           |    80 |    85 ||   165
       Tentacles         |    12 |    13 ||    25
       Constrict         |    23 |    22 ||    45
       Punch             |     1 |     4 ||     5
       Kick              |       |     2 ||     2
 Cast: Sticks to Snakes  |       |     3 ||     3
       Beastly Appendage |       |     2 ||     2
 Stab: Sleeping          |     7 |     4 ||    11
  Eat: Chunk             |     2 |     7 ||     9
Armor: Skin              |    12 |     4 ||    16
Dodge: Dodged            |    69 |    46 ||   115
